 Dungeon Crawl Stone Soup version 0.22.1-1-ga44c0e5 (webtiles) character file.

39 Lilu the Conjurer (level 3, -2/19 HPs)
             Began as a Deep Elf Conjurer on Nov 10, 2018.
             Slain by a goblin
             ... wielding a +0 club
             ... led by Robin
              (4 damage)
             ... on level 3 of the Dungeon.
             The game lasted 00:05:00 (1305 turns).

Lilu the Conjurer (Deep Elf Conjurer)               Turns: 1305, Time: 00:05:01

Health: -2/19      AC:  2    Str:  6    XL:     3   Next: 26%
Magic:  6/10       EV: 13    Int: 19    God:
Gold:   30         SH:  0    Dex: 15    Spells: 6/9 levels left

rFire    . . .     SeeInvis .   b - +0 hand axe (curse)
rCold    . . .     Gourm    .   (no shield)
rNeg     . . .     Faith    .   a - +0 robe
rPois    .         Spirit   .   (no helmet)
rElec    .         Reflect  .   (no cloak)
rCorr    .         Harm     .   (no gloves)
MR       .....                  (no boots)
Stlth    ++........             (no amulet)
HPRegen  0.06/turn              (no ring)
MPRegen  0.12/turn              (no ring)

@: lethally poisoned (-2 -> -9)
A: no striking features
a: no special abilities


You were on level 3 of the Dungeon.
You were not hungry.

You visited 1 branch of the dungeon, and saw 3 of its levels.

You collected 30 gold pieces.

Inventory:

Hand Weapons
 b - a cursed +0 hand axe (weapon)
 m - a cursed -1 hand axe
Missiles
 e - 22 sling bullets
 g - 33 arrows
 h - 22 stones (quivered)
Armour
 a - a +0 robe (worn)
 d - a +0 scale mail
Scrolls
 i - a scroll of magic mapping {unknown}
 j - a scroll of remove curse {unknown}
 o - a scroll of amnesia
 p - a scroll of identify {unknown}
Potions
 k - a potion of flight {unknown}
 l - a potion of agility {unknown}
 n - a potion of berserk rage {unknown}
 q - 2 potions of lignification {unknown}
Comestibles
 c - 2 rations
 f - a chunk of flesh


   Skills:
 + Level 3.1 Dodging
 - Level 2.4 Stealth
 + Level 3.6 Spellcasting
 * Level 5.0 Conjurations


You had 6 spell levels left.
You knew the following spells:

 Your Spells              Type           Power        Failure   Level  Hunger
a - Magic Dart            Conj           ###.         1%          1    None
b - Searing Ray           Conj           ###...       2%          2    ##.....

Your spell library contained the following spells:

 Spells                   Type           Power        Failure   Level  Hunger
 Dazzling Spray           Conj/Hex       ##....       16%         3    ###....
 Iskenderun's Mystic Bla  Conj           ###.....     17%         4    ####...
 Force Lance              Conj/Tloc      ##......     45%         4    ####...
 Fulminant Prism          Conj/Hex       ##........   45%         4    ####...


Dungeon Overview and Level Annotations

Branches:
Dungeon (2/15)

Altars:

Annotations:
D:3 Robin, Terence


Message History

The adder moves out of view.
The adder bites you.
Casting: Magic Dart (safe; 1% risk of failure)
Confirm with . or Enter, or press ? or * to list all spells.
Aiming: Searing Ray (safe; 2% risk of failure)
Press: ? - help, Shift-Dir - straight line, f - adder
Aim: an adder The searing ray misses the adder. (Press . to maintain the ray.)
The adder barely misses you.
The searing ray hits the adder.
The adder is severely wounded.
The adder misses you. The goblin hits you with a club. The adder bites you.
You are lethally poisoned!
The adder poisons you!
The searing ray misses the adder.
You feel sick. The goblin barely misses you. The adder bites you.
* * * LOW HITPOINT WARNING * * *
The goblin hits you with a club.
You die...

# #. .( # .# .. #
.######. # ..##.. ##
#.##.# .## #.##.##
..####..(..####### ##
#............@ggg#..#
######..)..#####@S..#
#.....# ###..!..#
#.....# .##.. #.....#
# #.....# #.....#
#.....#


You could see Terence, an adder and 3 goblins.

Vanquished Creatures
  A worm (D:2)
  2 dart slugs
  A leopard gecko (D:1)
  A ball python (D:1)
  3 goblins (D:1)
  2 hobgoblins (D:1)
  8 kobolds
  5 bats
  3 frilled lizards (D:1)
  4 rats (D:1)
30 creatures vanquished.

Notes
Turn   | Place    | Note
-------+----------+-------------------------------------------
     0 | D:1      | Lilu the Deep Elf Conjurer began the quest for the Orb.
     0 | D:1      | Reached XP level 1. HP: 10/10 MP: 6/6
   266 | D:1      | Reached XP level 2. HP: 15/15 MP: 5/8
   299 | D:1      | Learned a level 2 spell: Searing Ray
   865 | D:1      | Reached skill level 5 in Conjurations
   865 | D:1      | Reached XP level 3. HP: 19/19 MP: 8/10
  1047 | D:2      | Found a faded altar of an unknown god.
  1263 | D:2      | You fall through a shaft!
  1263 | D:3      | Noticed Robin
  1263 | D:3      | Noticed Terence
  1305 | D:3      | Slain by a goblin

Skill      XL: |  1  2 |
---------------+-------+-----
Dodging        | 3 |  3.1
Conjurations   | 5 |  5.0
Stealth        | |  2.4
Spellcasting   | |  3.6

Action                   || total
-------------------------++-------
Melee: Hand axe          ||     1
 Cast: Magic Dart        ||    51
       Searing Ray       ||     1
  Use: Scroll            ||     1
  Eat: Chunk             ||     1
Armor: Robe              ||     3
Dodge: Dodged            ||    11
